 Dungeon Crawl Stone Soup version 0.21.1-1-g345015f (webtiles) character file.

93 Mirai the Magician (level 4, -1/24 HPs)
             Began as a Deep Elf Conjurer on Mar 31, 2018.
             Slain by an ogre
             ... wielding a +0 giant spiked club
              (25 damage)
             ... on level 4 of the Dungeon.
             The game lasted 00:10:00 (2007 turns).

Mirai the Magician (Deep Elf Conjurer)              Turns: 2007, Time: 00:10:01

Health: -1/24      AC:  4    Str:  5    XL:     4   Next: 37%
Magic:  8/14       EV: 13    Int: 21    God:
Gold:   107        SH:  0    Dex: 15    Spells: 12/15 levels left

rFire    . . .     SeeInvis .   d - +0 hand axe
rCold    . . .     Gourm    .   (no shield)
rNeg     . . .     Faith    .   a - +0 robe
rPois    .         Spirit   .   m - +0 helmet
rElec    .         Reflect  .   p - +0 cloak
rCorr    .         Harm     .   (no gloves)
MR       .....                  (no boots)
Stlth    ++........             (no amulet)
HPRegen  0.48/turn              (no ring)
MPRegen  0.14/turn              (no ring)

@: no status effects
A: sense surroundings 1, regeneration 1, MP-powered wands
a: no special abilities


You were on level 4 of the Dungeon.
You were not hungry.

You visited 1 branch of the dungeon, and saw 4 of its levels.

You collected 107 gold pieces.

Inventory:

Hand Weapons
 d - a +0 hand axe (weapon)
Armour
 a - a +0 robe (worn)
 m - a +0 helmet (worn)
 p - a +0 cloak (worn)
Scrolls
 g - a scroll of immolation
 h - 6 scrolls of identify
 l - 3 scrolls of teleportation
 n - 2 scrolls of blinking
Potions
 e - a potion of curing {unknown}
 i - a potion of magic {unknown}
 j - a potion of berserk rage {unknown}
 k - a potion of mutation
 r - 2 potions of might
Books
 b - a book of Conjurations

   Spells                             Type                      Level
   a - Magic Dart                     Conjuration                  1
   b - Searing Ray                    Conjuration                  2
   c - Dazzling Spray                 Conjuration/Hexes            3
   d - Fulminant Prism                Conjuration/Hexes            4
   e - Force Lance                    Conjuration/Translocation    4
   f - Iskenderun's Mystic Blast      Conjuration                  4
Comestibles
 c - 7 rations
 f - 7 chunks of flesh


   Skills:
 - Level 2.4 Dodging
 - Level 2.4 Stealth
 + Level 6.4 Spellcasting
 - Level 4.3 Conjurations


You had 12 spell levels left.
You knew the following spells:

 Your Spells              Type           Power        Failure   Level  Hunger
a - Magic Dart            Conj           ####         1%          1    None
b - Searing Ray           Conj           ####..       2%          2    None


Dungeon Overview and Level Annotations

Branches:
Dungeon (4/15)
 Temple: D:4-7

Altars:
Gozag


Innate Abilities, Weirdness & Mutations

You passively map a small area around you.
Your natural rate of healing is unusually fast.
You expend magic power (3 MP) to strengthen your wands.


Message History

Aiming: Magic Dart
Press: ? - help, Shift-Dir - straight line, f - giant cockroach
Aim: a giant cockroach (clinging)
The magic dart hits the giant cockroach.
You kill the giant cockroach!
Casting: Magic Dart
Confirm with . or Enter, or press ? or * to list all spells.
Aiming: Searing Ray
Press: ? - help, Shift-Dir - straight line, f - ogre
Aim: an ogre, wielding a giant spiked club (lightly wounded)
The searing ray hits the ogre.
The ogre is heavily wounded. (Press . to maintain the ray.)
The searing ray hits the ogre.
The ogre is severely wounded.
The searing ray hits the ogre.
The ogre is almost dead.
The ogre hits you with a giant spiked club!!
Ouch! That really hurt!
You die...

* * ,, , , ,
,,, * ### #,*
#.. ,.#, #.#
..# #.# ...#.
,* *
*#.#......
,#@OZ...#
****,#?##.....
,#.$ ,,.## *
#### , , , * *
* , *


You could see an ogre and a howler monkey skeleton.

Vanquished Creatures
  2 worms (D:2)
  2 leopard geckos
  5 orcs (D:3)
  7 giant cockroaches
  10 goblins
  10 hobgoblins
  2 quokkas
  3 ball pythons (D:1)
  6 bats
  3 frilled lizards
  13 kobolds
  13 rats
76 creatures vanquished.

Notes
Turn   | Place    | Note
-------+----------+-------------------------------------------
     0 | D:1      | Mirai the Deep Elf Conjurer began the quest for the Orb.
     0 | D:1      | Reached XP level 1. HP: 10/10 MP: 6/6
   170 | D:1      | Reached skill level 4 in Spellcasting
   170 | D:1      | Reached XP level 2. HP: 10/15 MP: 0/9
   483 | D:1      | Learned a level 2 spell: Searing Ray
   677 | D:2      | Reached XP level 3. HP: 19/19 MP: 4/11
   689 | D:2      | Reached skill level 5 in Spellcasting
   832 | D:2      | Found an opulent altar of Gozag.
  1165 | D:2      | Gained mutation: You passively map a small area around you. [potion of mutation]
  1165 | D:2      | Gained mutation: You expend magic power (3 MP) to strengthen your wands. [potion of mutation]
  1165 | D:2      | Gained mutation: Your natural rate of healing is unusually fast. [potion of mutation]
  1384 | D:3      | Reached XP level 4. HP: 24/24 MP: 5/13
  1401 | D:3      | Reached skill level 6 in Spellcasting
  1813 | D:3      | Found a faded altar of an unknown god.
  2002 | D:4      | Noticed an ogre
  2007 | D:4      | Slain by an ogre

Skill      XL: |  1  2  3  4 |
---------------+-------------+-----
Spellcasting   | 4 5 6 |  6.4
Dodging        | |  2.4
Stealth        | |  2.4
Conjurations   | |  4.3

Action                   |  1- 3 |  4- 6 || total
-------------------------+-------+-------++-------
Melee: Hand axe          |     8 |    10 ||    18
       Short sword       |     1 |       ||     1
 Cast: Magic Dart        |   105 |    38 ||   143
       Searing Ray       |     2 |     4 ||     6
  Use: Scroll            |     7 |       ||     7
       Potion            |     2 |       ||     2
 Stab: Sleeping          |     1 |       ||     1
  Eat: Chunk             |     1 |     2 ||     3
Armor: Robe              |     7 |     9 ||    16
Dodge: Dodged            |    32 |    16 ||    48
